 Dungeon Crawl Stone Soup version 0.29-a0-1043-g569b05d6ff (webtiles) character file.

Game seed: 15038276770839054387

15189 Zeldest the Reanimator (level 11, -1/86 HPs)
             Began as a Mummy Necromancer on Aug 15, 2022.
             Was an Initiate of Yredelemnul.
             Shot with an arrow by a centaur (11 damage)
             ... on level 11 of the Dungeon.
             The game lasted 00:37:18 (13084 turns).

Zeldest the Reanimator (Mummy Necromancer)         Turns: 13084, Time: 00:37:18

Health: -1/86      AC: 13    Str: 20    XL:     11   Next: 98%
Magic:  23/23      EV: 12    Int: 26    God:    Yredelemnul [......]
Gold:   666        SH:  0    Dex: 16    Spells: 19/27 levels left

rFire   + . .      SeeInvis .   a - +5 whip of Imababo {drain, Int+2}
rCold   + . .      Faith    .   (no shield)
rNeg    + + +      Spirit   .   H - +3 leather armour of Pan-Flutes {Str+3}
rPois   ∞          Reflect  .   t - +2 helmet
rElec   .          Harm     .   v - +0 cloak
rCorr   .          Rampage  .   f - +2 pair of gloves "Byiv" {rF++ Dex+2}
Will    ++++.      Clarity  +   (no boots)
Stlth   ++........              o - amulet of the Four Winds {rN+ Will+++ Clar}
HPRegen 0.24/turn               p - +6 ring of intelligence
MPRegen 0.18/turn               E - +6 ring of strength

@: no status effects
A: cold resistance 1, negative energy resistance 3, torment resistance 2, heat
vulnerability 1, in touch with death 1, no potions
a: Renounce Religion, Recall Undead Harvest


You were on level 11 of the Dungeon.
You worshipped Yredelemnul.
Yredelemnul was aware of your devotion.
You visited 2 branches of the dungeon, and saw 12 of its levels.
You also visited: Bailey.

You collected 869 gold pieces.
You spent 203 gold pieces at shops.

Inventory:

Hand Weapons
 a - the +5 whip of Imababo (weapon) {drain, Int+2}
   (You found it on level 9 of the Dungeon)

   A truly terrible weapon, it drains the life of any living foe it strikes.
   Int:       It affects your intelligence (+2).
 b - the +7 long sword of the Beast {vorpal, rPois}
   (You found it on level 5 of the Dungeon)

   It inflicts extra damage upon your enemies.
   rPois:     It protects you from poison.
 j - a +2 vampiric whip
 w - a +2 quarterstaff of chaos
 G - a +2 vorpal spear
Missiles
 x - a throwing net
Armour
 f - the +2 pair of gloves "Byiv" (worn) {rF++ Dex+2}
   (You found it in a bailey)

   Dex:       It affects your dexterity (+2).
   rF:        It greatly protects you from fire.
 t - a +2 helmet (worn)
 v - a +0 cloak (worn)
 y - the +1 helmet of Kesofam {MP+9 Str+3 Stlth+}
   (You acquired it on level 11 of the Dungeon)

   Str:       It affects your strength (+3).
   MP:        It affects your magic capacity (+9).
   Stlth:     It makes you more stealthy.
 z - a scarf of shadows
 H - the +3 leather armour of Pan-Flutes (worn) {Str+3}
   (You bought it in a shop on level 8 of the Dungeon)

   Str:       It affects your strength (+3).
Magical Staves
 h - a staff of conjuration
Jewellery
 l - a ring of fire
 o - the amulet of the Four Winds (around neck) {rN+ Will+++ Clar}
   (You found it on level 3 of the Dungeon)

   [amulet of nothing]

   rN:        It protects you from negative energy.
   Clar:      It protects you against confusion.
   Will:      It greatly increases your willpower.
 p - a +6 ring of intelligence (left hand)
 B - a +6 ring of dexterity
 E - a +6 ring of strength (right hand)
Wands
 u - a wand of mindburst (10)
 C - a wand of roots (10)
 D - a wand of charming (3)
Scrolls
 c - 2 scrolls of silence
 e - 5 scrolls of amnesia
 g - a scroll of acquirement
 i - 5 scrolls of poison
 k - 2 scrolls of teleportation
 m - a scroll of noise {unknown}
 n - 2 scrolls of magic mapping
 q - 2 scrolls of fear
 r - 3 scrolls of enchant weapon
 s - 2 scrolls of enchant armour
 A - 2 scrolls of immolation
 F - a scroll of fog {unknown}
 I - a scroll of summoning {unknown}


   Skills:
 + Level 8.0 Fighting
 - Level 1.5 Dodging
 - Level 1.5 Stealth
 - Level 8.8 Spellcasting
 * Level 4.6 Summonings
 * Level 12.2 Necromancy
 + Level 9.5 Invocations


You had 19 spell levels left.
You knew the following spells:

 Your Spells              Type           Power      Damage    Failure   Level
a - Necrotise             Necr           100%       1d9       1%          1
b - Vampiric Draining     Necr           85%        2d12      1%          3
c - Animate Dead          Necr           85%        N/A       1%          4

Your spell library contained the following spells:

 Spells                   Type           Power      Damage    Failure   Level
 Agony                    Necr           85%        N/A       1%          5
 Slow                     Hex            44%        N/A       6%          1
 Scorch                   Fire           22%        2d6       10%         2
 Confusing Touch          Hex            11%        N/A       19%         3
 Gell's Gravitas          Tloc           11%        N/A       19%         3
 Teleport Other           Tloc           11%        N/A       19%         3
 Flame Wave               Conj/Fire      11%        2d6       52%         4
 Summon Cactus Giant      Summ           17%        N/A       80%         6
 Dispersal                Tloc           5%         N/A       100%        6


Dungeon Overview and Level Annotations

Branches:
Dungeon (11/15)            Temple (1/1) D:4            Lair (0/5) D:11
    Orc (0/2) D:11         Bailey (visited)

Altars:
Ashenzari
Cheibriados
Dithmenos
Fedhas
Gozag
Hepliaklqana
Kikubaaqudgha
Makhleb
Nemelex Xobeh
Okawaru
Qazlal
Ru
Sif Muna
Trog
Uskayaw
Vehumet
Wu Jian
Xom
Yredelemnul

Shops:
D:8 [=

Annotations:
D:5 exclusion: phantom


Innate Abilities, Weirdness & Mutations

You are immune to poison.
Your flesh is cold resistant. (rC+)
You are immune to negative energy. (rN+++)
You are immune to unholy pain and torment.
You are vulnerable to heat. (rF-)
You are in touch with the powers of death.
You do not drink.


Message History

You hit something but do no damage. Something hits you!
* * * LOW HITPOINT WARNING * * *
Something bites you but does no damage.
Blink to where?
Press: ? - help, Dir - move target, p - two-headed ogre
As you read the scroll of blinking, it crumbles to dust.
Something tries to affect you, but you resist.
The two-headed ogre is no longer charmed.
A vampire appears from thin air!
Reactivating autopickup.
The vampire mumbles some strange words.
The vampire flickers and vanishes!
Deactivating autopickup; reactivate with Ctrl-A.
The troll shouts!
You hear a bellow!
An ogre mage comes into view. It is wielding a +4 flail.
The ogre mage shouts!
You hear two shouts!
A two-headed ogre comes into view.
It is wielding a +0 dire flail and a +0 giant club.
The ogre mage points at the two-headed ogre and mumbles some strange words.
The two-headed ogre seems to speed up.
The ogre mage mumbles some strange words.
The ogre mage flickers and vanishes!
Found a stone staircase leading down.
A yak comes into view. 6 yaks come into view.
The yak moves out of view. x3
The yak bellows! x4; You hear a bellow!
A yak comes into view. 2 yaks come into view.
The yak bellows! x3; You hear a shout!
A yak comes into view.
Something hits you!
* * * LOW HITPOINT WARNING * * *
Blink to where?
Press: ? - help, Dir - move target A centaur comes into view.
As you read the scroll of blinking, it crumbles to dust.
The centaur wields a +0 shortbow.
The centaur shoots an arrow.
The arrow barely misses you.
The centaur shoots an arrow.
The arrow hits you!
You die...
Yredelemnul claims you as an undead slave.

##...##.........(...##
##.####.......>.....##
#c#####.............#
....................#
..........<..........#
.♣.P.......#.........#
...P........##...#...#
.. ..P.......####.# #
#.Y.Y........@.# ##.#
#....Y♣...P.....###..#
#..Y............##..##
#..Y....>...P....#.##
#..Y.Y.♣..P...P..#.####
....YY................#
#
#...Y.Y......♣###..###
# #.♣♣...§......###.##
# #.♣.........###.Z#


You could see a yak and a centaur.

Vanquished Creatures
  2 hydras (D:11)
  Harold (D:9)
  Urug (D:10)
  Pikel (D:5)
  4 trolls
  Prince Ribbit (D:6)
  A vampire (D:11)
  3 shadows
  A wraith (D:10)
  14 yaks
  3 wyverns
  A steam dragon (D:8)
  A vampire mosquito (D:11)
  6 water moccasins
  An ice beast (D:6)
  2 black bears
  8 orc warriors
  2 ogres
  3 sky beasts
  3 centaurs
  A lemure (D:5)
  A kobold brigand (D:8)
  5 bullfrogs
  A scorpion (D:5)
  A gnoll sergeant (D:10)
  5 wights (D:10)
  10 killer bees
  2 howler monkeys
  6 hounds
  An orc priest (D:8)
  Crazy Yiuf (D:5)
  5 iguanas
  3 orc wizards
  A killer bee zombie (D:9)
  18 gnolls
  9 adders
  2 shadow imps
  4 white imps
  An ufetubus (D:6)
  A worm (D:5)
  4 dart slugs (D:1)
  27 orcs
  4 bats
  6 endoplasms
  A giant cockroach (D:1)
  2 goblins (D:9)
  5 hobgoblins
  6 jackals
  7 kobolds
  5 quokkas
  2 ball pythons (D:1)
  7 frilled lizards
  7 rats
220 creatures vanquished.

Vanquished Creatures (collateral kills)
  2 orc knights (Bailey)
  A deep elf pyromancer (D:11)
  A gargoyle (D:11)
  2 shadows
  A wraith (D:10)
  3 yaks
  A wyvern (D:11)
  Menkaure (D:7)
  3 orc warriors (Bailey)
  A centaur (D:9)
  A wight (D:9)
  2 howler monkeys (D:11)
  2 orc priests
  4 hounds
  3 orc wizards
  A killer bee zombie (D:9)
  4 gnolls
  10 orcs
  A ball python (D:1)
  An endoplasm (D:4)
  4 jackals
  2 kobolds (D:8)
  A rat (D:1)
52 creatures vanquished.

Vanquished Creatures (others)
  A human zombie (D:9)
  An elf zombie (D:11)
  A wyvern zombie (D:11)
  2 water moccasin zombies
  2 troll zombies (D:11)
  A yak zombie (D:11)
  2 centaur zombies
  A kobold zombie (D:5)
  An ogre zombie (D:5)
  4 hound zombies
  A howler monkey zombie (D:11)
  2 iguana zombies
  13 orc zombies
  A spectral white imp (D:7)
  8 gnoll zombies
  A goblin zombie (D:9)
  3 jackal zombies (D:8)
  4 bushes (D:11)
  8 fungi
  17 plants (D:11)
74 creatures vanquished.

Grand Total: 346 creatures vanquished

Notes
Turn   | Place    | Note
-------+----------+-------------------------------------------
     0 | D:1      | Zeldest the Mummy Necromancer began the quest for the Orb.
     0 | D:1      | Reached XP level 1. HP: 13/13 MP: 4/4
    77 | D:1      | Reached XP level 2. HP: 17/20 MP: 0/5
   306 | D:1      | Reached skill level 1 in Fighting
   605 | D:1      | Gained mutation: You are in touch with the powers of death.
                  | [Mummy growth]
   605 | D:1      | Reached XP level 3. HP: 25/26 MP: 4/7
   822 | D:2      | Learned a level 3 spell: Vampiric Draining
   841 | D:2      | Found a sacrificial altar of Ru.
  1392 | D:3      | Reached XP level 4. HP: 32/32 MP: 2/9
  1530 | D:3      | Found a faded altar of an unknown god.
  1618 | D:3      | Reached skill level 5 in Necromancy
  1704 | D:3      | Found the amulet of the Four Winds {rN+ Will+++ Clar}
  2161 | D:4      | Learned a level 4 spell: Animate Dead
  2283 | D:4      | Found a staircase to the Ecumenical Temple.
  2292 | Temple   | Entered the Ecumenical Temple
  2546 | Temple   | Became a worshipper of Yredelemnul the Dark
  2916 | D:5      | Entered Level 5 of the Dungeon
  3171 | D:5      | Reached XP level 5. HP: 38/38 MP: 7/10
  3224 | D:5      | Reached skill level 1 in Invocations
  3361 | D:5      | Found a sacrificial altar of Ru.
  3443 | D:5      | Reached * piety under Yredelemnul
  3444 | D:5      | Reached XP level 6. HP: 46/46 MP: 9/12
  3485 | D:5      | Identified the +7 long sword of the Beast {vorpal, rPois}
  3489 | D:5      | Noticed Pikel
  3507 | D:5      | Killed Pikel
  3508 | D:5      | Reached skill level 5 in Spellcasting
  3508 | D:5      | Reached skill level 6 in Necromancy
  3508 | D:5      | Reached XP level 7. HP: 36/52 MP: 0/14
  3831 | D:5      | Reached ** piety under Yredelemnul
  4246 | D:5      | Found a runed translucent door.
  4247 | D:5      | Noticed Crazy Yiuf
  4263 | D:5      | Your ally Pikel died
  4273 | D:5      | Killed Crazy Yiuf
  4331 | D:6      | Reached skill level 7 in Necromancy
  4331 | D:6      | Reached XP level 8. HP: 60/60 MP: 6/16
  4986 | D:6      | Noticed Prince Ribbit
  4996 | D:6      | Killed Prince Ribbit
  5128 | D:6      | Reached skill level 5 in Invocations
  5171 | D:6      | Found an opulent altar of Gozag.
  5171 | D:6      | Found a sparkling altar of Nemelex Xobeh.
  5585 | D:7      | Reached skill level 8 in Necromancy
  5611 | D:7      | Found a bloodstained altar of Trog.
  5760 | D:7      | Reached XP level 9. HP: 48/66 MP: 14/18
  5892 | D:7      | Noticed Menkaure
  5900 | D:7      | Killed Menkaure
  5951 | D:7      | Reached skill level 5 in Fighting
  7134 | D:8      | Found a broken altar of Ashenzari.
  7201 | D:8      | Reached skill level 9 in Necromancy
  7492 | D:8      | Found Dierep's Jewellery Shoppe.
  7789 | D:8      | Reached XP level 10. HP: 75/76 MP: 9/21
  8057 | D:8      | Found Porgh's Antique Armour Emporium.
  8072 | D:8      | Bought a brightly glowing leather armour for 203 gold
                  | pieces
  8072 | D:8      | Identified the +3 leather armour of Pan-Flutes {Str+3} (You
                  | bought it in a shop on level 8 of the Dungeon)
  8293 | D:9      | Noticed Harold
  8319 | D:9      | Killed Harold
  8586 | D:9      | Identified the +5 whip of Imababo {drain, Int+2}
  8740 | D:9      | Found an iron altar of Okawaru.
  8903 | D:9      | Reached skill level 10 in Necromancy
  8907 | D:9      | Your ally Harold died
  9775 | D:10     | Entered Level 10 of the Dungeon
  9871 | D:10     | Found a flagged portal.
  9880 | Bailey   | Entered a bailey
 10128 | Bailey   | Noticed an orc knight
 10311 | Bailey   | Noticed an orc knight
 10339 | Bailey   | Killed an orc knight
 10395 | Bailey   | Killed an orc knight
 10626 | Bailey   | Identified the +2 pair of gloves "Byiv" {rF++ Dex+2}
 10660 | Bailey   | Reached XP level 11. HP: 49/83 MP: 18/23
 11222 | D:10     | Reached skill level 1 in Summonings
 11234 | D:10     | Reached skill level 11 in Necromancy
 11489 | D:10     | Found a large runed translucent door.
 11490 | D:10     | Found a large runed translucent door.
 11503 | D:10     | Reached *** piety under Yredelemnul
 11609 | D:10     | Noticed Urug
 11617 | D:10     | Killed Urug
 12269 | D:10     | Found a radiant altar of Vehumet.
 12280 | D:10     | Found a hide-covered altar of Uskayaw.
 12517 | D:11     | Noticed a four-headed hydra
 12538 | D:11     | Killed a four-headed hydra
 12658 | D:11     | Found a staircase to the Lair.
 12681 | D:11     | Found a staircase to the Orcish Mines.
 12696 | D:11     | Reached skill level 12 in Necromancy
 12715 | D:11     | Identified 2 scrolls of acquirement
 12723 | D:11     | Noticed a deep elf pyromancer
 12729 | D:11     | Killed a deep elf pyromancer
 12763 | D:11     | Noticed a seven-headed hydra
 12771 | D:11     | Killed a seven-headed hydra
 12822 | D:11     | Acquired the +1 helmet of Kesofam {MP+9 Str+3 Stlth+}
 12947 | D:11     | Noticed a sixfirhy
 12951 | D:11     | Noticed a purple ugly thing
 12968 | D:11     | Noticed a two-headed ogre
 12975 | D:11     | Noticed a sun demon
 13064 | D:11     | Noticed an ogre mage
 13066 | D:11     | Noticed a two-headed ogre
 13084 | D:11     | Shot with an arrow by a centaur

Illustrated notes

Levels and vault maps discovered:
D:1:      eino_arrival_cavern_a, layout_rooms, st_stairs_7, minivault_14,
          minmay_cut_off
D:2:      layout_loops_ring, basic_altar, feat_on_display
D:3:      layout_basic, ebering_ecumenical_altar_hall
D:4:      layout_rooms, lemuel_temple_firewalk_b, mrwooster_statue_mirror
D:5:      layout_basic, nicolae_ru_the_path_less_chosen,
          chequers_decorated_corner, uniq_crazy_yiuf_cottage, uniq_pikel
D:6:      layout_loops_ring, grunt_temple_overflow_opulence, uniq_prince_ribbit1
D:7:      layout_basic, trog_three_pillars_becter, uniq_menkaure
D:8:      layout_cave_pools, nicolae_ashenzari_skybound, serial_gnoll_camp,
          gnoll_camp_mini_shop, gnoll_camp_mini_doghouse, gnoll_camp_mini_shop,
          gnoll_camp_mini_doghouse, gnoll_camp_mini_loothouse
D:9:      layout_basic, kennysheep_okawaru_gauntlet, hangedman_decor_riveting,
          st_stairs_2, minivault_1, uniq_harold
D:10:     layout_long_grid, jmf_multi_god_temple2, enter_bailey_2, uniq_urug
D:11:     cheibrodos_ideogram_h, layout_rooms, minmay_lair_entry_grove
Temple:   nicolae_temple_bog_church

Skill      XL: |  1  2  3  4  5  6  7  8  9 10 11 |
---------------+----------------------------------+-----
Spellcasting   | 3 4 5 6 7 8 |  8.8
Fighting       | 1 2 3 4 5 6 8 |  8.0
Necromancy     | 5 6 7 8 9 10 12 | 12.2
Invocations    | 1 3 4 5 7 8 9 |  9.5
Summonings     | 4 |  4.6
Dodging        | |  1.5
Stealth        | |  1.5

Action                   |  1- 3 |  4- 6 |  7- 9 | 10-12 || total
-------------------------+-------+-------+-------+-------++-------
Melee: Unarmed           |    14 |       |       |       ||    14
       Whip              |       |     8 |       |   185 ||   193
       Long sword        |       |     6 |   132 |    31 ||   169
       Punch             |       |       |     1 |     5 ||     6
 Cast: Necrotise         |    64 |    61 |    33 |   101 ||   259
       Vampiric Draining |       |     4 |    50 |    84 ||   138
Invok: Recall Undead Har |       |     1 |     2 |     2 ||     5
       Dark Bargain      |       |       |     7 |     3 ||    10
Evoke: Wand              |       |       |     1 |    12 ||    13
  Use: Scroll            |       |       |       |    16 ||    16
 Stab: Sleeping          |       |       |     3 |     1 ||     4
Armor: Robe              |     7 |     9 |    52 |     5 ||    73
       Leather armour    |       |       |       |   148 ||   148
Dodge: Dodged            |    21 |    21 |   127 |   193 ||   362

Table legend: (Time is in decaauts)
 A = Elapsed time spent in this place.
 B = Non-inter-level travel time spent in this place.
 C = Inter-level travel time spent in this place.
 D = Time resting spent in this place.
 E = Time spent auto-exploring this place.
 F = Levels seen in this place.
 G = Mean time per level.
                   A        B        C        D        E       F      G
               +--------+--------+--------+--------+--------+-----+--------+
         Total |  13215 |  12855 |    360 |   5086 |   4930 |  13 | 1016.5 |
       Dungeon |  11925 |  11570 |    355 |   4493 |   4697 |  11 | 1084.1 |
        Temple |    281 |    276 |      5 |      0 |    178 |   1 |  281.0 |
        Bailey |   1009 |   1009 |      0 |    593 |     55 |   1 | 1009.0 |
               +--------+--------+--------+--------+--------+-----+--------+

Top non-repeatable levels by time:
     D:9: 1637 daAuts
    D:10: 1584 daAuts
     D:7: 1488 daAuts
     D:5: 1416 daAuts
     D:6: 1224 daAuts
     D:8: 1155 daAuts
  Bailey: 1009 daAuts
     D:1: 816 daAuts
    D:11: 767 daAuts
     D:3: 702 daAuts
     D:4: 567 daAuts
     D:2: 566 daAuts
  Temple: 281 daAuts
